 Dungeon Crawl Stone Soup version 0.22-b1-26-g9dbaab1112 (webtiles) character file.

39 GarlicSmoothie the Skirmisher (level 3, 0/28 HPs)
             Began as a Demonspawn Wanderer on Aug 9, 2018.
             Slain by Robin
             ... wielding a +1 whip of freezing
              (7 damage)
             ... on level 2 of the Dungeon.
             The game lasted 00:02:28 (1270 turns).

GarlicSmoothie the Skirmisher (Demonspawn Wanderer) Turns: 1270, Time: 00:02:28

Health: 0/28       AC:  2    Str: 12    XL:     3   Next: 28%
Magic:  3/3        EV: 10    Int: 13    God:
Gold:   33         SH:  3    Dex: 13    Spells: 2/2 levels left

rFire    . . .     SeeInvis .   a - +2 falchion
rCold    . . .     Gourm    .   l - +0 buckler {reflect}
rNeg     . . .     Faith    .   e - +0 robe
rPois    .         Spirit   .   (no helmet)
rElec    .         Reflect  +   (no cloak)
rCorr    .         Harm     .   (no gloves)
MR       .....                  (no boots)
Stlth    ..........             (no amulet)
HPRegen  0.09/turn              k - ring of attention (curse)
MPRegen  0.08/turn              (no ring)

@: heavily drained
A: talons 1
a: no special abilities


You were on level 2 of the Dungeon.
You were very hungry.

You visited 1 branch of the dungeon, and saw 2 of its levels.

You collected 33 gold pieces.

Inventory:

Hand Weapons
 a - a +2 falchion (weapon)
 b - a +0 shortbow
 f - a +0 dagger
Missiles
 c - 22 arrows
Armour
 e - a +0 robe (worn)
 l - a +0 buckler of reflection (worn)
Jewellery
 k - a cursed ring of attention (left hand)
 m - an uncursed amulet of harm
Scrolls
 h - a scroll of noise {unknown}
 j - a scroll of fog {unknown}
Potions
 d - 3 potions of curing
 n - 2 potions of lignification
Comestibles
 g - 4 rations


   Skills:
 - Level 2.7(1.2) Fighting
 - Level 2.6(1.1) Long Blades
   Level 1.7(0.3) Axes
 - Level 1.7(0.2) Stealth
 + Level 1.4(0.0) Shields
 * Level 1.7(0.2) Unarmed Combat


You had 2 spell levels left.
You didn't know any spells.
Your spell library was empty.

Dungeon Overview and Level Annotations

Branches:
Dungeon (2/15)

Altars:

Annotations:
D:2 Robin


Innate Abilities, Weirdness & Mutations

You have sharp toenails.


Message History

The goblin barely misses you.
The giant cockroach waves its antennae.
The giant cockroach barely misses you.
You riposte.
You hit the giant cockroach.
You kill the giant cockroach!
You barely miss the goblin. The goblin hits you but does no damage.
You block Robin's attack.
You hit Robin.
Robin is moderately wounded.
The goblin hits you but does no damage. You block Robin's attack.
The goblin hits you but does no damage.
You hit Robin.
Robin is severely wounded.
A hobgoblin comes into view.
Robin hits you but does no damage. The goblin hits you but does no damage.
You hit Robin but do no damage.
Robin is severely wounded.
You feel less wooden.
Your +0 robe unmelds from your body.
Robin hits you with a whip of freezing!
You die...

# ..#.
##.#.#########
##>...)g)(g.g..
# .... #g#
#.##..# #@#
....###g##
#.##..#....#
##....<#.#######
#...............
#..#.....#######
......#####
#####. ..


You could see Robin, a hobgoblin and a goblin.

Vanquished Creatures
  2 dart slugs (D:1)
  3 leopard geckos (D:1)
  A bat (D:1)
  3 giant cockroaches
  10 goblins
  5 hobgoblins
  2 kobolds (D:1)
  2 rats (D:1)
28 creatures vanquished.

Notes
Turn   | Place    | Note
-------+----------+-------------------------------------------
     0 | D:1      | GarlicSmoothie the Demonspawn Wanderer began the quest for the Orb.
     0 | D:1      | GarlicSmoothie set off with: a +2 falchion, a +0 shortbow, 22 arrows, a potion of curing, a +0 robe, a +0 dagger, a ration
     0 | D:1      | Reached XP level 1. HP: 16/16 MP: 1/1
   249 | D:1      | Gained mutation: You have sharp toenails. [demonic ancestry]
   249 | D:1      | Reached XP level 2. HP: 7/23 MP: 2/2
   859 | D:1      | Reached skill level 1 in Unarmed Combat
  1166 | D:1      | Reached XP level 3. HP: 27/28 MP: 3/3
  1246 | D:2      | Noticed Robin
  1270 | D:2      | Slain by Robin

Skill      XL: |  1  2 |
---------------+-------+-----
Unarmed Combat | 1 |  1.7
Fighting       | |  2.7
Long Blades    | |  2.6
Axes           | |  1.7
Stealth        | |  1.7
Shields        | |  1.4

Action                   || total
-------------------------++-------
Melee: Falchion          ||    62
       Kick              ||     1
  Use: Potion            ||     2
 Stab: Sleeping          ||     2
Armor: Robe              ||     1
       Skin              ||    18
Dodge: Dodged            ||    31
Block: Buckler           ||     8
       Reflection        ||     1
       Rpst.: Falchion   ||    10
